 Dungeon Crawl Stone Soup version 0.21.1-1-g345015f (webtiles) character file.

4263 letownia3 the Fighter (level 10, 63/83 HPs)
             Began as a Demonspawn Wizard on Feb 5, 2018.
             Was an Initiate of Gozag.
             Quit the game on level 8 of the Dungeon.
             The game lasted 00:22:28 (8620 turns).

letownia3 the Fighter (Demonspawn Wizard)           Turns: 8620, Time: 00:22:29

Health: 63/83      AC:  7    Str: 10    XL:     10   Next: 10%
Magic:  22/22      EV: 11    Int: 21    God:    Gozag
Gold:   1196       SH:  0    Dex: 11    Spells: 16/25 levels left

rFire    + . .     SeeInvis .   a - +1 short sword (elec)
rCold    . . .     Gourm    .   (no shield)
rNeg     + . .     Faith    .   M - +1 leather armour {rN+}
rPois    .         Spirit   +   b - +0 hat
rElec    .         Reflect  .   (no cloak)
rCorr    .         Harm     .   (no gloves)
MR       .....                  (no boots)
Stlth    +.........             r - amulet of guardian spirit
HPRegen  0.23/turn              l - ring of protection from fire
MPRegen  0.18/turn              H - +3 ring of protection

@: gold aura
A: claws 2, demonic guardian 1, sanguine armour 3
a: Potion Petition, Call Merchant, Bribe Branch, Renounce Religion


You were on level 8 of the Dungeon.
You worshipped Gozag.
Gozag was most pleased with you.
You were hungry.

You visited 2 branches of the dungeon, and saw 9 of its levels.

You collected 1252 gold pieces.
You paid 56 gold pieces to Gozag.

Inventory:

Hand Weapons
 a - a +1 short sword of electrocution (weapon)
 k - a +1 dagger of speed
 u - a +2 whip of freezing
 x - a +3 dire flail of crushing
Armour
 b - a +0 hat (worn)
 M - a +1 leather armour of positive energy (worn)
Jewellery
 l - a ring of protection from fire (left claw)
 r - an amulet of guardian spirit (around neck)
 E - an uncursed ring of magical power
 H - a +3 ring of protection (right claw)
Wands
 q - a wand of flame (53)
 t - a wand of random effects (15)
Scrolls
 h - a scroll of magic mapping {unknown}
 i - a scroll of identify
 j - a scroll of blinking {unknown}
 m - 4 scrolls of random uselessness {unknown}
 n - 3 scrolls of teleportation {unknown}
 o - 6 scrolls of remove curse
 p - 2 scrolls of noise {unknown}
 B - 2 scrolls of fog {unknown}
 C - a scroll of amnesia {unknown}
 F - a scroll of enchant weapon {unknown}
 I - a scroll of immolation {unknown}
Potions
 e - 3 potions of curing {unknown}
 f - a potion of flight
 g - a potion of mutation
 s - 3 potions of heal wounds {unknown}
 v - a potion of agility
 w - 2 potions of brilliance
 D - 2 potions of might
 J - 2 potions of invisibility
Books
 c - a book of Minor Magic

   Spells                             Type                      Level
   a - Magic Dart                     Conjuration                  1
   b - Blink                          Translocation                2
   c - Call Imp                       Summoning                    2
   d - Slow                           Hexes                        2
   e - Conjure Flame                  Conjuration/Fire             3
   f - Mephitic Cloud                 Conjuration/Poison/Air       3
Comestibles
 d - 15 rations


   Skills:
 - Level 9.5 Fighting
 - Level 1.4 Armour
 - Level 1.7 Dodging
 - Level 1.7 Stealth
 + Level 1.6 Unarmed Combat
 - Level 8.0 Spellcasting
 - Level 4.0 Conjurations
   Level 1.0 Summonings
 - Level 2.5 Translocations
 - Level 2.1 Fire Magic
 - Level 3.1 Air Magic
 - Level 2.1 Poison Magic


You had 16 spell levels left.
You knew the following spells:

 Your Spells              Type           Power        Failure   Level  Hunger
a - Magic Dart            Conj           ####         1%          1    None
b - Blink                 Tloc           N/A          5%          2    None
c - Conjure Flame         Conj/Fire      ###.....     9%          3    None
e - Mephitic Cloud        Conj/Pois/Air  ###.....     9%          3    None


Dungeon Overview and Level Annotations

Branches:
Dungeon (8/15)             Temple (1/1) D:5
   Lair: D:8-11

Altars:
Ashenzari
Cheibriados
Dithmenos
Elyvilon
Fedhas
Gozag
Hepliaklqana
Kikubaaqudgha
Makhleb
Nemelex Xobeh
Okawaru
Qazlal
Ru
Sif Muna
Trog
Uskayaw
Vehumet
Wu Jian
Xom
Yredelemnul
Zin
The Shining One

Shops:
D:7 (

Annotations:
D:8 Erica; adept's ghost, journeyman DDEE


Innate Abilities, Weirdness & Mutations

You have very sharp fingernails.
A weak demonic guardian rushes to your aid.
When seriously injured, your bleeding wounds create very thick armour. (AC +0)


Message History

Found 23 arrows.
An orc comes into view.
The orc shouts!
An orc is nearby!
An orc is nearby!
The orc hits you but does no damage.
You hit the orc. Lightning courses through the orc!
You kill the orc!
No target in view!
No target in view!
You now have 1196 gold pieces (gained 6).
h - a scroll labeled MITOOL RAEQOS Adept's ghost is distracted by your gold.
Adept's ghost is too close now for your liking.
Adept's ghost is nearby!
Adept's ghost is nearby!
Adept's ghost is nearby!
Adept's ghost turns its malevolent gaze towards you.
Adept's ghost is no longer distracted by gold.
Are you sure you want to abandon this character and quit the game? (Confirm with "yes".)

.....# #.#..# ♣.♣#.# .....#
######.#..##♣♣.##.#
##..########......#...'...+..#
.....##....'......#...#####..#
..W...5.####......##.#.##.#..#
........# ##................#
>....##.#####.#.#.##.#.....#.#
.....#..W.....#...........##
......#.#######.@########.##
......................>...>#
.....######.###..5####.##.##+####
##..# .........#<.............
#.. ##.####W.#5..(.......... ##
........................
#..#######.#............
#.#............
####[#........^...


You could see adept's ghost and a friendly quasit.

Vanquished Creatures
  The ghost of Pawles22 the Cleaver, a novice BaBe of Trog (D:7)
  Pikel (D:6)
  Grinder (D:6)
  3 hogs (D:7)
  A human (D:7)
  The ghost of SaintRoka the Shield-Bearer, an amateur BaFi (D:4)
  Edmund (D:6)
  Duvessa (D:6)
  3 slaves
  A sky beast (D:7)
  2 ogres
  A centaur (D:7)
  A crocodile (D:7)
  A big kobold (D:7)
  2 bullfrogs
  2 scorpions (D:7)
  Dowan (D:6)
  A killer bee (D:7)
  5 wights
  3 crimson imps
  2 bullfrog zombies (D:7)
  An orc wizard (D:3)
  A hound (D:7)
  4 orc priests
  Jessica (D:2)
  2 iguanas (D:6)
  11 worker ants
  4 hound skeletons
  A worker ant zombie (D:8)
  10 adders
  An ooze (D:1)
  2 adder skeletons
  4 worms
  6 dart slugs
  5 leopard geckos
  21 orcs
  10 bats
  3 giant cockroaches
  8 goblins
  8 hobgoblins
  15 jackals
  6 quokkas
  3 ball pythons
  5 frilled lizards
  A jackal skeleton (D:7)
  10 kobolds
  2 leopard gecko skeletons
  A leopard gecko zombie (D:6)
  A quokka skeleton (D:5)
  A quokka zombie (D:6)
  11 rats
194 creatures vanquished.

Vanquished Creatures (collateral kills)
  A yak (D:7)
  A slave (D:6)
  2 ice beasts
  A bullfrog (D:7)
  A howler monkey (D:4)
  2 orc priests
  A bullfrog skeleton (D:4)
  A hound (D:4)
  An orc wizard (D:4)
  4 orcs
  3 kobolds (D:7)
18 creatures vanquished.

Grand Total: 212 creatures vanquished

Notes
Turn   | Place    | Note
-------+----------+-------------------------------------------
     0 | D:1      | letownia3 the Demonspawn Wizard began the quest for the Orb.
     0 | D:1      | Reached XP level 1. HP: 13/13 MP: 4/4
   285 | D:2      | Gained mutation: You have sharp fingernails. [demonic ancestry]
   285 | D:2      | Reached XP level 2. HP: 19/19 MP: 0/6
   827 | D:2      | Noticed Jessica
  1090 | D:1      | Gained mutation: A weak demonic guardian rushes to your aid. [demonic ancestry]
  1090 | D:1      | Reached XP level 3. HP: 24/24 MP: 5/7
  1114 | D:1      | Learned a level 3 spell: Mephitic Cloud
  1118 | D:1      | Learned a level 3 spell: Conjure Flame
  1787 | D:4      | Reached skill level 1 in Fire Magic
  1787 | D:4      | Reached skill level 1 in Air Magic
  1787 | D:4      | Reached skill level 1 in Poison Magic
  1787 | D:4      | Reached XP level 4. HP: 30/30 MP: 2/8
  2114 | D:4      | Learned a level 2 spell: Blink
  2220 | D:4      | Gained mutation: When seriously injured, your bleeding wounds create armour. (AC +0) [demonic ancestry]
  2220 | D:4      | Reached XP level 5. HP: 35/35 MP: 1/9
  2408 | D:4      | Reached skill level 1 in Translocations
  2801 | D:4      | Noticed SaintRoka's ghost (amateur BaFi)
  2823 | D:4      | Killed SaintRoka's ghost
  2823 | D:4      | Reached skill level 1 in Fighting
  2823 | D:4      | Gained mutation: When seriously injured, your bleeding wounds create thick armour. (AC +0) [demonic ancestry]
  2823 | D:4      | Reached XP level 6. HP: 41/43 MP: 1/11
  3197 | D:5      | Entered Level 5 of the Dungeon
  3338 | D:5      | Noticed an ice beast
  3381 | D:5      | Killed an ice beast
  3381 | D:5      | Reached skill level 2 in Fighting
  3437 | D:5      | Reached XP level 7. HP: 50/50 MP: 8/12
  3763 | D:5      | Found a staircase to the Ecumenical Temple.
  3791 | D:5      | Found a white marble altar of Elyvilon.
  3814 | Temple   | Entered the Ecumenical Temple
  4006 | Temple   | Became a worshipper of Gozag Ym Sagoz the Greedy
  5045 | D:2      | Killed Jessica
  5450 | D:1      | Reached skill level 5 in Spellcasting
  5928 | D:6      | Noticed Duvessa
  5928 | D:6      | Noticed Dowan
  6026 | D:7      | Noticed a hog
  6026 | D:7      | Noticed a hog
  6026 | D:7      | Noticed a yak
  6026 | D:7      | Noticed a human
  6027 | D:7      | Noticed a hog
  6037 | D:7      | Killed a hog
  6037 | D:7      | Gained mutation: You have very sharp fingernails. [demonic ancestry]
  6037 | D:7      | Reached XP level 8. HP: 41/56 MP: 9/18
  6107 | D:7      | Reached skill level 3 in Fighting
  6339 | D:6      | Noticed Grinder
  6351 | D:6      | Killed Grinder
  6351 | D:6      | Reached skill level 4 in Fighting
  6407 | D:6      | Reached skill level 5 in Fighting
  6453 | D:6      | Reached XP level 9. HP: 37/68 MP: 5/21
  6528 | D:6      | Reached skill level 1 in Armour
  6847 | D:7      | Noticed Pawles22's ghost (novice BaBe)
  6869 | D:7      | Killed Pawles22's ghost
  6869 | D:7      | Reached skill level 7 in Fighting
  7176 | D:7      | Reached skill level 8 in Fighting
  7179 | D:7      | Found a burning altar of Makhleb.
  7272 | D:6      | Killed Dowan
  7275 | D:6      | Killed Duvessa
  7319 | D:6      | Noticed Pikel
  7361 | D:6      | Noticed Edmund
  7513 | D:7      | Found a sacrificial altar of Ru.
  7614 | D:7      | Found Emacut Bycu's Weapon Emporium.
  7633 | D:7      | Found a deep blue altar of Sif Muna.
  7791 | D:7      | Found a shimmering altar of Xom.
  7791 | D:7      | Found a hide-covered altar of Uskayaw.
  7791 | D:7      | Found a snail-covered altar of Cheibriados.
  7793 | D:7      | Reached skill level 9 in Fighting
  7800 | D:7      | Found a glowing silver altar of Zin.
  7801 | D:7      | Found a blossoming altar of Fedhas.
  8124 | D:6      | Killed Pikel
  8124 | D:6      | Gained mutation: When seriously injured, your bleeding wounds create very thick armour. (AC +0) [demonic ancestry]
  8124 | D:6      | Reached XP level 10. HP: 51/83 MP: 12/22
  8232 | D:6      | Killed Edmund
  8399 | D:8      | Reached skill level 1 in Unarmed Combat
  8412 | D:8      | Noticed adept's ghost (journeyman DDEE)
  8450 | D:8      | Noticed Erica
  8620 | D:8      | Quit the game

Skill      XL: |  1  2  3  4  5  6  7  8  9 10 |
---------------+-------------------------------+-----
Conjurations   | 2 3 4 |  4.0
Fire Magic     | 1 2 |  2.1
Air Magic      | 1 2 3 |  3.1
Poison Magic   | 1 2 |  2.1
Translocations | 1 2 |  2.5
Fighting       | 1 2 5 9 |  9.5
Spellcasting   | 6 8 |  8.0
Armour         | 1 |  1.4
Unarmed Combat | 1 |  1.6
Dodging        | |  1.7
Stealth        | |  1.7
Summonings     | |  1.0

Action                   |  1- 3 |  4- 6 |  7- 9 | 10-12 || total
-------------------------+-------+-------+-------+-------++-------
Melee: Unarmed           |    21 |     5 |       |       ||    26
       Dagger            |       |    87 |    54 |       ||   141
       Short sword       |       |       |   204 |    71 ||   275
 Cast: Magic Dart        |    88 |    62 |   261 |       ||   411
       Mephitic Cloud    |     1 |     7 |    16 |     5 ||    29
       Conjure Flame     |       |     1 |    13 |     1 ||    15
       Blink             |       |     2 |     2 |       ||     4
Evoke: Wand              |       |       |     1 |       ||     1
  Use: Scroll            |       |       |     1 |     4 ||     5
 Stab: Confused          |       |     3 |     2 |     1 ||     6
       Distracted        |       |     1 |     1 |     1 ||     3
       Sleeping          |       |       |     2 |       ||     2
  Eat: Chunk             |     2 |     7 |     3 |     3 ||    15
       Ration            |       |       |     3 |       ||     3
Armor: Robe              |    18 |    13 |    48 |       ||    79
       Leather armour    |       |       |     3 |    26 ||    29
Dodge: Dodged            |    68 |    43 |   147 |    36 ||   294
